 Dungeon Crawl Stone Soup version 0.18.1-48-g4cf74bf (webtiles) character file.

39 Alarkh the Poker (level 3, -2/27 HPs)
             Began as a Mummy Skald on July 30, 2016.
             Slain by Terence
             ... wielding a +0 flail
              (5 damage)
             ... on level 1 of the Dungeon.
             The game lasted 00:01:34 (846 turns).

Alarkh the Poker (Mummy Skald)                       Turns: 846, Time: 00:01:35

Health: -2/27      AC:  4    Str: 15    XL:     3   Next: 28%
Magic:  2/6        EV: 11    Int: 12    God:
Gold:   46         SH:  3    Dex: 11    Spells: 3 memorised, 0 levels left

rFire  x . .     SeeInvis .     a - +0 spear
rCold  + . .     Gourm    .     b - +0 leather armour
rNeg   + + +     Faith    .     (no shield)
rPois  ∞         Spirit   .     i - +0 helmet
rElec  .         Dismiss  .     (no cloak)
rCorr  .         Reflect  +     (no gloves)
SustAt .         Harm     .     (no boots)
MR     .....                    j - +3 amulet of reflection
Stlth  +.........               (no ring)
                                (no ring)

@: very slightly contaminated, not resistant to hostile enchantments, very
unstealthy
A: no food or potions, fire vulnerability, cold resistance 1, negative energy
resistance 3, torment resistance, unbreathing
a: no special abilities


You were on level 1 of the Dungeon.
You were not hungry.

You visited 1 branch of the dungeon, and saw 2 of its levels.

You collected 46 gold pieces.

Inventory:

Hand Weapons
 a - a +0 spear (weapon)
Armour
 b - a +0 leather armour (worn)
 i - a +0 helmet (worn)
Jewellery
 j - a +3 amulet of reflection (around neck)
Scrolls
 d - a scroll of remove curse {unknown}
 e - a scroll of recharging {unknown}
 f - a scroll of enchant armour {unknown}
 h - a scroll of magic mapping {unknown}
Books
 c - a book of Battle

   Spells                             Type                      Level
   a - Infusion                       Charms                       1
   b - Shroud of Golubria             Charms/Translocation         2
   c - Song of Slaying                Charms                       2
   d - Spectral Weapon                Hexes/Charms                 3
   e - Regeneration                   Charms/Necromancy            3
Miscellaneous
 g - a plain deck of summoning


   Skills:
 - Level 2.0 Fighting
 + Level 3.0 Polearms
 - Level 0.7 Armour
 - Level 0.7 Dodging
 - Level 2.0 Spellcasting
 - Level 2.4 Charms


You couldn't memorise any spells.
You knew the following spells:

 Your Spells              Type           Power        Failure   Level  Hunger
a - Infusion              Chrm           #...         14%         1    N/A
b - Shroud of Golubria    Chrm/Tloc      #.........   34%         2    N/A
c - Spectral Weapon       Hex/Chrm       #.......     69%         3    N/A

Dungeon Overview and Level Annotations

Branches:
Dungeon (2/15)

Altars:
Nemelex Xobeh

Annotations:
D:1 Terence
D:2 Natasha


Innate Abilities, Weirdness & Mutations

You do not eat or drink.
Your flesh is vulnerable to fire.
You are immune to poison.
Your flesh is cold resistant.
You are immune to negative energy.
You are immune to unholy pain and torment.
You can survive without breathing.


Message History

You hit Terence but do no damage.
Terence is moderately wounded.
Terence zaps a wand.
You resist with some effort.
You hit Terence.
Terence is heavily wounded.
Terence closely misses you.
You hit Terence.
Terence is heavily wounded.
Terence zaps a wand.
You resist with some effort.
You hit Terence.
Terence is heavily wounded.
Terence hits you with a flail.
* * * LOW HITPOINT WARNING * * *
You barely miss Terence.
Terence is heavily wounded.
You hit Terence but do no damage.
Terence is heavily wounded.
You are no longer magically infusing your attacks.
Terence hits you with a flail.
You die...

##.###.........#.##### #.#
.....................# #.#
##.###..##.........#.# #.#
#..........%.......#.# #.#
.....#..##.........#.######.#
#....#..##...#............#.#
.....#...........##..#......#
.....#...........##..###..###
.......(........@......#..#
####........†....@...#.#..#
...+....#.####.......#.#..#
.###....#.#........(.#.#..#
..##....#!#.#........#.#..#
..##....#.#.#.#+###'##.#..#
..##....#'#.#'#.###.##.#..#####
.#............†.....##.#......#
.#..............######.#.####.#


You could see Terence.

Vanquished Creatures
  An adder (D:1)
  A giant gecko (D:1)
  5 bats
  6 goblins (D:1)
  6 hobgoblins (D:1)
  2 kobolds (D:1)
  A giant newt (D:1)
  5 rats (D:1)
27 creatures vanquished.

Notes
Turn   | Place    | Note
--------------------------------------------------------------
     0 | D:1      | Alarkh the Mummy Skald began the quest for the Orb.
     0 | D:1      | Reached XP level 1. HP: 16/16 MP: 3/3
    56 | D:1      | Found a sparkling altar of Nemelex Xobeh.
   114 | D:1      | Reached skill level 2 in Polearms
   166 | D:1      | Reached XP level 2. HP: 22/22 MP: 0/5
   601 | D:1      | Reached XP level 3. HP: 24/27 MP: 2/6
   730 | D:2      | Noticed Natasha
   744 | D:1      | Reached skill level 3 in Polearms
   808 | D:1      | Learned a level 2 spell: Shroud of Golubria
   812 | D:1      | Learned a level 3 spell: Spectral Weapon
   818 | D:2      | Noticed Terence
   846 | D:1      | Slain by Terence

Skill      XL: |  1  2  3 |
---------------+----------+-----
Polearms       | 2 3 |  3.0
Fighting       | |  2.0
Armour         | |  0.7
Dodging        | |  0.7
Spellcasting   | |  2.0
Charms         | |  2.4

Action                   || total
-------------------------++-------
Melee: Spear             ||   115
 Cast: Infusion          ||    15
       Shroud of Golubri ||     1
Armor: Leather armour    ||    22
Dodge: Dodged            ||    50
Block: Other             ||     1
